 Dungeon Crawl Stone Soup version 0.23.2-1-ga50397a6bc (webtiles) character file.

Game seed: 4907113040256502063

39 Mrkan the Sneak (level 3, 0/18 HPs)
             Began as a Spriggan Assassin on May 18, 2019.
             Succumbed to an adder's poison
             ... on level 3 of the Dungeon.
             The game lasted 00:02:57 (1229 turns).

Mrkan the Sneak (Spriggan Assassin)                 Turns: 1229, Time: 00:02:57

Health: 0/18       AC:  3    Str:  7    XL:     3   Next: 28%
Magic:  4/4        EV: 18    Int: 12    God:
Gold:   81         SH:  0    Dex: 18    Spells: 2/2 levels left

rFire    . . .     SeeInvis +   a - +2 dagger
rCold    . . .     Gourm    .   (shield restricted)
rNeg     . . .     Faith    .   c - +0 robe
rPois    .         Spirit   .   (helmet restricted)
rElec    .         Reflect  .   d - +0 cloak
rCorr    .         Harm     .   (gloves unavailable)
MR       .....                  (boots unavailable)
Stlth    ++++......             (no amulet)
HPRegen  0.06/turn              (no ring)
MPRegen  0.09/turn              (no ring)

@: lethally poisoned (0 -> -8), very quick
A: very small, unfitting armour, see invisible, herbivore, speed 3, slow
metabolism 2
a: no special abilities


You were on level 3 of the Dungeon.
You were not hungry.

You visited 1 branch of the dungeon, and saw 3 of its levels.

You collected 81 gold pieces.

Inventory:

Hand Weapons
 a - a +2 dagger (weapon)
 b - a +0 blowgun
 i - a +2 dagger of holy wrath
Missiles
 e - 8 poisoned needles
 f - 2 curare-tipped needles
Armour
 c - a +0 robe (worn)
 d - a +0 cloak (worn)
Jewellery
 r - an uncursed ring of positive energy {unknown}
Scrolls
 h - a scroll of fog {unknown}
 k - 2 scrolls of identify {unknown}
 l - a scroll of random uselessness {unknown}
 n - a scroll of remove curse {unknown}
 p - a scroll of amnesia {unknown}
 q - a scroll of fear {unknown}
Potions
 j - a potion of berserk rage {unknown}
 m - a potion of might {unknown}
 o - a potion of curing {unknown}
Comestibles
 g - 4 rations


   Skills:
 - Level 1.5 Fighting
 - Level 2.1 Short Blades
 - Level 2.0 Throwing
 + Level 3.0 Dodging
 * Level 7.2 Stealth


You had 2 spell levels left.
You didn't know any spells.
Your spell library was empty.

Dungeon Overview and Level Annotations

Branches:
Dungeon (3/15)

Altars:
Kikubaaqudgha


Innate Abilities, Weirdness & Mutations

You are very small and have problems with some larger weapons.
You are too small for most types of armour.
You have supernaturally acute eyesight. (SInv)
You are a herbivore.
You cover ground extremely quickly.
You need to consume almost no food.


Message History

You closely miss the adder. The adder misses you.
You hit the adder.
The adder is moderately wounded.
The adder bites you. x2
* * * LOW HITPOINT WARNING * * *
You are more poisoned.
The adder poisons you!
You miss the adder.
The adder is moderately wounded.
* * * LOW HITPOINT WARNING * * *
You feel sick. The adder misses you. The adder misses you.
* * * LOW HITPOINT WARNING * * *
You feel sick.
There is a stone staircase leading down here.
You can't go up here!
The adder barely misses you.
You climb downwards. 2 orcs and an orc wizard come into view.
You die...

#.........#
#o........#
##...o<....#
..........#
#.o.......#
#.....>...#
#.........#
#..@......#
#.$........
#...(........
#..$...........
...............
..$.......##...
#...♣...#.# ...
...♣.♣..... #.


You could see an orc wizard (sleeping) and 2 orcs.

Vanquished Creatures
  3 dart slugs
  3 leopard geckos (D:2)
  2 ball pythons
  2 giant cockroaches (D:1)
  3 goblins
  A hobgoblin (D:1)
  2 kobolds (D:2)
  4 bats
  6 frilled lizards
  5 rats (D:1)
31 creatures vanquished.

Vanquished Creatures (others)
  A human (D:2)
1 creature vanquished.

Grand Total: 32 creatures vanquished

Notes
Turn   | Place    | Note
-------+----------+-------------------------------------------
     0 | D:1      | Mrkan the Spriggan Assassin began the quest for the Orb.
     0 | D:1      | Reached XP level 1. HP: 10/10 MP: 2/2
    14 | D:1      | Reached skill level 6 in Stealth
    75 | D:1      | Reached XP level 2. HP: 11/14 MP: 3/3
   906 | D:2      | Found a faded altar of an unknown god.
   977 | D:2      | Found an ancient bone altar of Kikubaaqudgha.
   980 | D:2      | Noticed a human
   983 | D:2      | Killed a human
  1021 | D:2      | Reached skill level 7 in Stealth
  1076 | D:2      | Reached XP level 3. HP: 16/18 MP: 4/4
  1229 | D:3      | Succumbed to an adder's poison

Skill      XL: |  1  2  3 |
---------------+----------+-----
Stealth        | 6 7 |  7.2
Dodging        | 2 3 |  3.0
Fighting       | |  1.5
Short Blades   | |  2.1
Throwing       | |  2.0

Action                   || total
-------------------------++-------
Melee: Dagger            ||    77
 Stab: Sleeping          ||    19
Armor: Robe              ||     5
Dodge: Dodged            ||    52
